AoeStats
← Leite Quente

Socotra

505324018Analyzed
4v4 RM · 23d ago on Sep 8, 2026· 14m 16s· 8 players
Game mode
Random Map
Map size
148×148
Population
200
Speed
Normal
Resources
Standard
Victory
Conquest
Starting age
Dark Age
Ending age
Imperial Age
RankedLock teamsTeams togetherTeam positionsShared explorationLock speedFull tech treeHidden civsTurbo modeCheats
Victory
Defeat
1391
+15
🇩🇪 Sicilians · Germany
1383
+16
🇨🇴 Magyars · Colombia
1312
+19
🇧🇪 Persians · Belgium
1305
+19
🇦🇷 Maya · Argentina
1383
-18
🇧🇷 Romans · Brazil
1378
-17
🇦🇷 Byzantines · Argentina
1362
-17
🇦🇷 Magyars · Argentina
1362
-17
la kakarota
6:50 Loom
9:48 Feudal Age
10:36 Double-Bit Axe
10:34 Horse Collar
Leite Quente
6:20 Loom
8:52 Feudal Age
AWAKALTA
6:40 Loom
8:45 Feudal Age
BTJ william waller
0:28 Loom
10:06 Feudal Age
TITO15
6:34 Loom
8:49 Feudal Age
9:22 Double-Bit Axe
9:52 Horse Collar
jelle.neyt
5:40 Loom
9:00 Feudal Age
9:44 Double-Bit Axe
double barrack mountain king
5:23 Loom
9:15 Feudal Age
12:46 Horse Collar
12:55 Double-Bit Axe
Expected Toulouse
6:10 Loom
8:57 Feudal Age
11:28 Double-Bit Axe
12:32 Horse Collar
Connection lost

Rejoining the realm…

Still unreachable

The connection could not be restored.

Session expired

The server has moved on; the page needs a fresh start.